 Dungeon Crawl Stone Soup version 0.31-a0-1074-g0b22e4e0f1 (webtiles) character file.

Game seed: 7333517753781937803

86 mandarbmax the Chucker (level 4, -3/23 HPs)
             Began as a Vine Stalker Gladiator on Dec 7, 2023.
             Slain by Ijyb
             ... wielding a +0 club
              (5 damage)
             ... on level 3 of the Dungeon.
             The game lasted 00:02:39 (1416 turns).

mandarbmax the Chucker (Vine Stalker Gladiator)     Turns: 1416, Time: 00:02:39

Health: -3/23      AC:  4    Str: 17    XL:     4   Next: 49%
Magic:  0/5        EV: 10    Int:  8    God:
Gold:   97         SH:  0    Dex: 17    Spells: 3/3 levels left

rFire   . . .        l - +1 dagger (speed)
rCold   . . .        (no shield)
rNeg    . . .        b - +0 leather armour
rPois   +            c - +0 helmet
rElec   .            (no cloak)
rCorr   .            (no gloves)
SInv    .            (no boots)
Will    .....        (no amulet)
Stlth   +            g - ring of poison resistance
HPRegen 1.03/turn    (no ring)
MPRegen 0.09/turn

%: guardian spirit
@: grasped by roots, hasted, constricted, very quick
A: fangs 2, regeneration 1, magic shield, antimagic bite, no potion heal 2
a: no special abilities


You were on level 3 of the Dungeon.
You visited 1 branch of the dungeon, and saw 3 of its levels.

You collected 97 gold pieces.

Inventory:

Hand Weapons
 a - a +0 rapier
 l - a +1 dagger of speed (weapon)
Missiles
 d - 3 throwing nets (quivered)
 e - a javelin
Armour
 b - a +0 leather armour (worn)
 c - a +0 helmet (worn)
 q - a +0 pair of gloves
Jewellery
 g - a ring of poison resistance (left hand)
Scrolls
 f - 2 scrolls of identify {unknown}
 h - a scroll of amnesia {unknown}
 j - a scroll of vulnerability {unknown}
 k - a scroll of noise {unknown}
 m - a scroll of silence {unknown}
 o - a scroll of teleportation {unknown}
 p - a scroll of poison {unknown}
 s - a scroll of revelation {unknown}
Potions
 n - a potion of curing


   Skills:
 - Level 2.0 Fighting
 - Level 2.6 Short Blades
 * Level 3.6 Throwing
 - Level 3.0 Dodging


You had 3 spell levels left.
You didn't know any spells.
Your spell library contained the following spells:

 Spells                   Type           Power      Damage    Failure   Level
 Apportation              Tloc           0%         N/A       47%         1
 Jinxbite                 Hex            0%         N/A       63%         2
 Call Canine Familiar     Summ           0%         N/A       85%         3
 Dazzling Flash           Conj/Hex       0%         N/A       85%         3
 Ignite Poison            Fire/Tmut/Pois 0%         N/A       85%         3
 Sigil of Binding         Hex            0%         N/A       85%         3
 Volatile Blastmotes      Fire/Tloc      0%         2d10      85%         3
 Dimensional Bullseye     Hex/Tloc       0%         N/A       99%         4
 Leda's Liquefaction      Hex/Erth       0%         N/A       99%         4
 Sticky Flame             Conj/Fire      0%         2d3       99%         4
 Alistair's Intoxication  Tmut/Pois      0%         N/A       100%        5
 Starburst                Conj/Fire      0%         6d3       100%        6
 Ignition                 Fire           0%         3d3       100%        8
 Maxwell's Capacitive Co  Air            0%         ∞         100%        8


Dungeon Overview and Level Annotations

Branches:
Dungeon (3/15)

Altars:
Fedhas

Shops:
D:1 (

Annotations:
D:3 Ijyb


Innate Abilities, Weirdness & Mutations

You have extremely sharp teeth.
Your natural rate of healing is unusually fast.
When hurt, damage is shared between your health and your magic reserves.
Your bite disrupts and absorbs the magic of your enemies.
Potions cannot restore your health.


Message History

You hit the kobold but do no damage. The kobold hits you but does no damage.
You are poisoned.
The grasping roots constrict you.
You hit the kobold but do no damage. You bite the kobold.
You kill the kobold!
You feel sick. The grasping roots constrict you.
You closely miss the goblin. You bite the goblin.
You kill the goblin!
You feel sick.
You escape the roots grasp.
You feel sick.
Things that are here:
a +1 dagger of holy wrath; a +2 dagger of venom; 3 poisoned darts You are too injured to fight recklessly!
You are too injured to fight recklessly!
It was a potion of curing.
Your system rejects the healing.
You feel better. Ijyb screams, "I cut your head off!"
You hit Ijyb but do no damage.
Ijyb zaps a wand.
The roots erupt in riotous growth!
The grasping roots grab you!
Ijyb is unaffected.
The grasping roots constrict you.
It was a potion of magic.
Magic courses through your body. Ijyb screams, "Me kill you!"
Ijyb hits you with a +0 club.
* * * LOW HITPOINT WARNING * * *
The grasping roots constrict you.
* * * LOW HITPOINT WARNING * * *
It was a potion of haste.
You feel yourself speed up. Ijyb hits you with a +0 club.
* * * LOW HITPOINT WARNING * * *
The grasping roots constrict you.
* * * LOW HITPOINT WARNING * * *
You have no ailments to cure.
Okay, then.
Okay, then.
You hit Ijyb. You bite Ijyb, but do no damage.
Ijyb is lightly wounded.
You closely miss Ijyb.
Ijyb is lightly wounded.
Ijyb hits you with a +0 club.
You die...

.#...................
#..............).>.... .
#...................##
..#....)...$.........##
......................##
........................
........................
...........†...#........
......g@....#.##........
............#.##........
........................
##...##.....#.##........
#... #######.##........
#.. ##.<<.†... #.
#######.. ## ... ##+


You could see Ijyb.

Vanquished Creatures
  A gnoll (D:1)
  2 adders
  A worm (D:2)
  4 dart slugs
  An endoplasm (D:2)
  A giant cockroach (D:1)
  5 hobgoblins
  A jackal (D:1)
  5 kobolds
  2 quokkas
  3 ball pythons
  7 bats
  2 frilled lizards
  7 goblins
  3 rats
45 creatures vanquished.

Notes
Turn   | Place    | Note
-------+----------+-------------------------------------------
     0 | D:1      | mandarbmax the Vine Stalker Gladiator began the quest for
                  | the Orb.
     0 | D:1      | Reached XP level 1. HP: 11/11 MP: 2/2
    95 | D:1      | Reached XP level 2. HP: 14/15 MP: 1/3
   157 | D:1      | Found Qiemyor's Antique Weapon Shop.
   202 | D:1      | Reached XP level 3. HP: 13/18 MP: 2/4
   773 | D:2      | Reached XP level 4. HP: 23/23 MP: 5/5
   793 | D:2      | Found a faded altar of an unknown god.
   871 | D:2      | Found a blossoming altar of Fedhas.
  1405 | D:3      | Noticed Ijyb
  1414 | D:3      | HP: 1/23 [constriction (3)]
  1416 | D:3      | Slain by Ijyb

Illustrated notes

Levels and vault maps discovered:
D:1:      lightli_arrival_flooded_house, layout_rooms, serial_shops, shop,
          minmay_pentomino_s2
D:2:      layout_loops_corners, basic_altar, basic_ecumenical_altar
D:3:      layout_basic, grunt_temple_overflow_open, zin_statuary,
          hellmonk_no_cap, uniq_robin, uniq_ijyb, uniq_crazy_yiuf_cottage,
          uniq_jessica

Skill      XL: |  1  2  3 |
---------------+----------+-----
Throwing       | 2 3 |  3.6
Fighting       | 2 |  2.0
Dodging        | 3 |  3.0
Short Blades   | |  2.6

Action                     |  1- 3 |  4- 6 || total
---------------------------+-------+-------++-------
  Melee: Rapier            |    70 |       ||    70
         Bite              |    23 |    15 ||    38
         Dagger            |    31 |    42 ||    73
    Use: Potion            |       |     3 ||     3
 Armour: Leather armour    |    52 |    18 ||    70
  Dodge: Dodged            |    66 |    16 ||    82

Table legend: (Time is in decaauts)
 A = Elapsed time spent in this place.
 B = Non-inter-level travel time spent in this place.
 C = Inter-level travel time spent in this place.
 D = Time resting spent in this place.
 E = Time spent auto-exploring this place.
 F = Levels seen in this place.
 G = Mean time per level.
                   A        B        C        D        E       F      G
               +--------+--------+--------+--------+--------+-----+--------+
         Total |   1388 |   1333 |     55 |      0 |   1056 |   3 |  462.7 |
       Dungeon |   1388 |   1333 |     55 |      0 |   1056 |   3 |  462.7 |
               +--------+--------+--------+--------+--------+-----+--------+

Top non-repeatable levels by time:
     D:2: 789 daAuts
     D:1: 547 daAuts
     D:3: 52 daAuts
